[Event "WYCC 2018 G18"]
[Site "Halkidiki"]
[Date "2018.10.20"]
[Round "1"]
[White "Obolentseva, Alexandra"]
[Black "Vlkova, Anezka"]
[Result "1-0"]
[ECO "E97"]
[WhiteElo "2298"]
[BlackElo "1925"]
[Annotator "NA"]
[PlyCount "83"]
[EventDate "2018.10.20"]
[EventType "swiss"]
[EventCountry "GRE"]
[SourceTitle "playchess.com"]
[Source "ChessBase"]
[SourceQuality "1"]
[TimeControl "40/5400+30:1800+30"]

1. d4 Nf6 2. c4 g6 3. Nc3 Bg7 4. e4 d6 5. Nf3 O-O 6. Be2 e5 7. O-O Nc6 8. d5 Ne7 9. b4 a5 10. bxa5 c5 11. Nd2 Rxa5 12. a4 Ne8 {[%emt 0:01:23] E97: King's Indian: Classical Main Line (6...e5 7 0-0 Nc6): 8 Be3 and 8 d5 Ne7, not 9 Ne1} (12... Nd7 13. Nb5 Ra6 14. Ra3 f5 15. exf5 gxf5 16. Qc2 Ng6 17. Re1 Nf6 18. Nf1 Kh8 19. Ng3 Qd7 20. Bd3 {0-1 (30) Panelo Munoz,M (2373)-Grigoryan,K (2533) Barcelona 2016}) 13. Nb3 Ra6 14. a5 f5 15. Bd2 Nf6 16. f3 Bd7 17. Qc2 f4 18. Na4 $146 ({Predecessor:} 18. g4 h5 19. g5 Nh7 20. h4 Nxg5 21. hxg5 Nf5 22. exf5 Qxg5+ 23. Kh1 Qh4+ 24. Kg1 {½-½ (24) Henrichsen,J (2070)-Olsen,H (2300) Herlev 1997}) 18... Nc8 {[%emt 0:01:50] [#]} 19. Naxc5 $1 dxc5 20. Nxc5 Ra7 21. Bb4 Re8 22. Nxd7 Nxd7 23. c5 Ne7 24. Bb5 Kh8 25. Qa4 Nf6 26. Bxe8 Nxe8 27. Be1 Nf6 28. Bf2 Ra6 29. Qb5 Bf8 30. Qxb7 Rxa5 31. d6 Neg8 32. Qc7 Qxc7 33. dxc7 Rxc5 34. Bxc5 Bxc5+ 35. Kh1 Ne7 36. Rfc1 Bd4 37. c8=Q+ Nxc8 38. Rxc8+ Kg7 39. Rb1 g5 40. Rb7+ Kg6 $18 41. Re7 g4 42. Rc6 1-0

[Event "WYCC 2018 G18"]
[Site "Halkidiki"]
[Date "2018.10.20"]
[Round "1"]
[White "Sliwicka, Alicja"]
[Black "Kieu, Bich Thuy"]
[Result "1-0"]
[ECO "B09"]
[WhiteElo "2264"]
[BlackElo "1913"]
[Annotator "NA"]
[PlyCount "53"]
[EventDate "2018.10.20"]
[EventType "swiss"]
[EventCountry "GRE"]
[SourceTitle "playchess.com"]
[Source "ChessBase"]
[SourceQuality "1"]
[TimeControl "40/5400+30:1800+30"]

1. e4 g6 2. d4 Bg7 3. Nc3 d6 4. f4 Nf6 5. Nf3 O-O 6. Bd3 c5 7. dxc5 dxc5 8. e5 Ne8 {[%emt 0:05:21] B09: Pirc-Ufimzew-Verteidigung (Dreibauernangriff)} (8... Nd5 9. Nxd5 Qxd5 10. Qe2 Bf5 11. Bxf5 gxf5 12. O-O Nc6 13. Rd1 Qe6 14. Be3 b6 15. Ng5 Qg6 16. h4 h5 17. Bf2 Rad8 18. Rxd8 Rxd8 {0-1 (43) Aronian,L (2813)-Svidler,P (2769) Stavanger 2013}) 9. Be3 Qa5 10. O-O Nc7 11. Nd2 Be6 $146 ({Vorgänger:} 11... Nc6 12. Nb3 Qb6 13. Bxc5 {1-0 (13) McAndrew,H-Wakeham,M IECG email 2004}) 12. Nb3 Bxb3 13. axb3 Qb6 14. Na4 Qc6 15. Nxc5 Rd8 16. Qe2 Nd5 17. Be4 Nd7 18. c4 Nxc5 19. cxd5 Qb6 20. Rfc1 $18 Rdc8 21. Qc4 Qxb3 22. Bxc5 Qxc4 23. Rxc4 b6 24. d6 Rab8 25. d7 Rxc5 26. Rxc5 bxc5 27. Rxa7 1-0

[Event "WYCC 2018 G18"]
[Site "Halkidiki"]
[Date "2018.10.20"]
[Round "1"]
[White "Kiolbasa, Oliwia"]
[Black "Tsivelekidou, Evgenia"]
[Result "1-0"]
[ECO "C95"]
[WhiteElo "2254"]
[BlackElo "1891"]
[Annotator "NA"]
[PlyCount "75"]
[EventDate "2018.10.20"]
[EventType "swiss"]
[EventCountry "GRE"]
[SourceTitle "playchess.com"]
[Source "ChessBase"]
[SourceQuality "1"]
[TimeControl "40/5400+30:1800+30"]

1. e4 e5 2. Nf3 Nc6 3. Bb5 a6 4. Ba4 Nf6 5. O-O Be7 6. Re1 b5 7. Bb3 d6 8. c3 O-O 9. h3 Nb8 10. d4 Nbd7 11. c4 b4 12. Nbd2 c5 13. d5 Ne8 14. Nf1 $14 g6 15. Bh6 Ng7 16. Bc2 f5 17. exf5 gxf5 18. Ng3 e4 19. Nd2 Bg5 20. Bxg7 Kxg7 21. Ndxe4 fxe4 22. Nxe4 Ne5 23. Qh5 h6 24. Nxd6 Qxd6 25. Rxe5 Ra7 26. Rxg5+ hxg5 27. Qh7+ Kf6 28. Qg6+ Ke7 29. Re1+ Kd7 30. Qg7+ Kd8 31. Qxa7 g4 32. hxg4 Rh8 33. g3 Rh3 34. Kg2 Bxg4 35. Qg7 Bd7 36. Ba4 Rh5 37. Bxd7 Qxd7 38. Qf8+ 1-0

[Event "WYCC 2018 G18"]
[Site "Halkidiki"]
[Date "2018.10.20"]
[Round "1"]
[White "Antolak, Julia"]
[Black "Dong, Khanh Linh"]
[Result "1-0"]
[ECO "B03"]
[WhiteElo "2240"]
[BlackElo "1879"]
[Annotator "NA"]
[PlyCount "65"]
[EventDate "2018.10.20"]
[EventType "swiss"]
[EventCountry "GRE"]
[SourceTitle "playchess.com"]
[Source "ChessBase"]
[SourceQuality "1"]
[TimeControl "40/5400+30:1800+30"]

1. e4 Nf6 2. e5 Nd5 3. d4 d6 4. exd6 exd6 5. c4 Nb6 6. Nc3 Be7 7. Bd3 Nc6 8. Nge2 Bg4 9. Be3 Bf6 10. Qd2 Nb4 11. b3 Nxd3+ 12. Qxd3 Qe7 13. O-O O-O 14. Ng3 c6 15. Rfe1 Bg5 16. h3 Bd7 17. d5 Rfe8 18. Re2 Bxe3 19. Rxe3 Qf8 20. dxc6 Rxe3 21. Qxe3 Bxc6 22. Rd1 Re8 23. Qd4 Re6 24. b4 Qe7 25. b5 Re1+ 26. Rxe1 Qxe1+ 27. Kh2 Bd7 28. Nce4 Qc1 29. Nxd6 Be6 30. Ndf5 f6 31. Qd8+ Kf7 32. Qe7+ Kg6 33. Qxg7# 1-0

[Event "WYCC 2018 G18"]
[Site "Halkidiki"]
[Date "2018.10.20"]
[Round "1"]
[White "Dimitrova, Aleksandra"]
[Black "Nemcova, Kamila"]
[Result "0-1"]
[ECO "B90"]
[WhiteElo "2228"]
[BlackElo "1879"]
[Annotator "NA"]
[PlyCount "70"]
[EventDate "2018.10.20"]
[EventType "swiss"]
[EventCountry "GRE"]
[SourceTitle "playchess.com"]
[Source "ChessBase"]
[SourceQuality "1"]
[TimeControl "40/5400+30:1800+30"]

1. e4 c5 2. Nf3 d6 3. d4 cxd4 4. Nxd4 Nf6 5. Nc3 a6 6. h4 e5 7. Nb3 Be6 8. f4 exf4 9. Bxf4 Nc6 10. Qd2 Ne5 11. Nd4 Be7 12. O-O-O Rc8 13. Nf5 Bxf5 14. exf5 Qa5 15. Kb1 Qb4 $16 16. Bg5 h6 17. Be3 O-O 18. Bd4 Nc6 19. Be2 Rfd8 20. a3 Qa5 21. g4 Nd7 22. g5 hxg5 23. hxg5 Nxd4 24. Qxd4 Bxg5 25. Qg4 Bf6 26. Qh5 g6 27. Qh7+ Kf8 28. fxg6 fxg6 29. Rxd6 Qe5 30. Rxd7 Rxd7 31. Qxd7 Rxc3 32. Rh7 Rc7 33. Rf7+ Kg8 34. Rxf6 Rxd7 35. Rxg6+ Kf7 0-1

[Event "WYCC 2018 G18"]
[Site "Halkidiki"]
[Date "2018.10.20"]
[Round "1"]
[White "Martynkova, Olena"]
[Black "Nguyen, Hong Ngoc"]
[Result "1/2-1/2"]
[ECO "A40"]
[WhiteElo "2188"]
[BlackElo "1861"]
[Annotator "NA"]
[PlyCount "79"]
[EventDate "2018.10.20"]
[EventType "swiss"]
[EventCountry "GRE"]
[SourceTitle "playchess.com"]
[Source "ChessBase"]
[SourceQuality "1"]
[TimeControl "40/5400+30:1800+30"]

1. d4 e6 2. c4 f5 3. Nf3 Nf6 4. g3 d5 5. Bg2 c6 6. Bf4 Bd6 7. Nbd2 Bxf4 8. gxf4 Qe7 9. e3 Nbd7 10. O-O O-O 11. Ne5 Ne4 12. Nxd7 Bxd7 13. Nf3 Kh8 14. Ne5 Be8 15. f3 Bh5 16. Qe1 Nd6 17. c5 Nf7 18. Nd3 Rg8 19. Kh1 h6 20. Qg3 Qf6 21. Qh3 Bg6 22. Ne5 Bh7 23. Nxf7+ Qxf7 24. Rg1 Qf6 25. Bf1 g5 26. fxg5 hxg5 27. Bd3 Rg7 28. Rg2 Rag8 29. Rag1 e5 30. dxe5 Qxe5 31. Bb1 Qf6 32. b4 Qf7 33. Qh6 g4 34. fxg4 Rxg4 35. Rxg4 fxg4 36. Bxh7 Qf3+ 37. Rg2 Qf1+ 38. Rg1 Qf3+ 39. Rg2 Qf1+ 40. Rg1 1/2-1/2

[Event "WYCC 2018 G18"]
[Site "Halkidiki"]
[Date "2018.10.20"]
[Round "1"]
[White "Radeva, Viktoria"]
[Black "Muratova, Saltanat"]
[Result "0-1"]
[ECO "B39"]
[WhiteElo "2163"]
[BlackElo "1859"]
[Annotator "NA"]
[PlyCount "82"]
[EventDate "2018.10.20"]
[EventType "swiss"]
[EventCountry "GRE"]
[SourceTitle "playchess.com"]
[Source "ChessBase"]
[SourceQuality "1"]
[TimeControl "40/5400+30:1800+30"]

1. e4 c5 2. Nf3 Nc6 3. d4 cxd4 4. Nxd4 g6 5. c4 Bg7 6. Be3 Nf6 7. Nc3 Ng4 8. Qxg4 Nxd4 9. Qd1 Ne6 10. Qd2 b6 11. Be2 Bb7 12. O-O O-O 13. f3 $14 {[%emt 0:05:44] LiveBook: 16 Games} Bc6 14. Rfd1 a5 15. Rac1 Nc5 16. b3 Rc8 17. Rb1 Rb8 18. a3 f5 19. exf5 Rxf5 20. b4 Na4 21. Nxa4 Bxa4 22. Rdc1 Bc6 23. b5 Ba8 24. c5 bxc5 25. Rxc5 d5 26. Rbc1 d4 27. Rxf5 gxf5 28. Bg5 Kh8 29. Bd3 Qd6 30. Qxa5 Qg6 31. Qd2 e5 32. Bf1 h6 33. Be7 Bxf3 34. a4 e4 35. Qf2 Be5 36. Rc6 Qh5 37. gxf3 Rg8+ 38. Kh1 e3 39. Qc2 d3 40. Rxh6+ Qxh6 41. Bxd3 Qg7 0-1

[Event "WYCC 2018 G18"]
[Site "Halkidiki"]
[Date "2018.10.20"]
[Round "1"]
[White "Represa Perez, Mireya"]
[Black "Jie, Tianhui"]
[Result "1-0"]
[ECO "C70"]
[WhiteElo "2151"]
[BlackElo "1849"]
[Annotator "RC"]
[PlyCount "161"]
[EventDate "2018.10.20"]
[EventType "swiss"]
[EventCountry "GRE"]
[SourceTitle "playchess.com"]
[Source "ChessBase"]
[SourceQuality "1"]
[TimeControl "40/5400+30:1800+30"]

1. e4 e5 2. Nf3 Nc6 3. Bb5 a6 4. Ba4 b5 5. Bb3 Na5 6. O-O d6 7. Re1 Nxb3 8. axb3 c5 9. c3 Bb7 10. d4 Qc7 11. Nbd2 Nf6 12. d5 g6 13. Nf1 Bg7 14. h3 c4 15. N3d2 cxb3 16. Nxb3 O-O 17. Qd3 Nd7 18. Ng3 Nb6 19. Na5 Rac8 20. b3 Ba8 21. Be3 Nd7 22. c4 Nc5 23. Qc2 bxc4 24. Nxc4 Nxb3 25. Qxb3 Qxc4 26. Qxc4 Rxc4 27. Rxa6 f5 28. exf5 Bxd5 29. fxg6 hxg6 30. Rxd6 Bf7 31. f3 Rc2 32. Ne4 Ra8 33. Red1 Bf8 34. Rd8 Raa2 35. R1d2 Rxd2 36. Bxd2 Kg7 37. Bg5 Be6 38. Bf6+ Kf7 39. Bxe5 Be7 40. Rb8 Bf5 41. Nc3 Ra1+ 42. Kh2 Re1 43. f4 Bc5 44. Rb7+ Ke6 45. g4 Bd3 46. Rc7 Bf2 47. Rc6+ Kf7 48. Rf6+ Ke8 49. Rd6 Bf1 50. Nd5 Re2 51. Re6+ Kd7 52. Re7+ Kc6 53. Nc3 Re1 54. Re6+ Kd7 55. Rd6+ Kc8 56. Rd1 Rxd1 57. Nxd1 Bh4 58. Ne3 Bd3 59. f5 gxf5 60. Nxf5 Be1 61. Kg2 Kd7 62. Kf3 Ke6 63. Bg3 Bc3 64. Ne3 Bd4 65. Ng2 Bc2 66. Nf4+ Kf7 67. h4 Bd1+ 68. Ne2 Bc5 69. Bf2 Be7 70. h5 Kg7 71. Be3 Bh4 72. g5 Be1 73. Bf4 Bh4 74. Ke3 Be1 75. Kd3 Kh7 76. Be3 Kg7 77. Nf4 Bg3 78. Bd4+ Kg8 79. Nd5 Bh4 80. Ne7+ Kf7 81. h6 1-0

[Event "WYCC 2018 G18"]
[Site "Halkidiki"]
[Date "2018.10.20"]
[Round "1"]
[White "Rozman, Monika"]
[Black "Cosme Contreras, Trilce"]
[Result "1-0"]
[ECO "B90"]
[WhiteElo "2141"]
[BlackElo "1829"]
[Annotator "NA"]
[PlyCount "80"]
[EventDate "2018.10.20"]
[EventType "swiss"]
[EventCountry "GRE"]
[SourceTitle "playchess.com"]
[Source "ChessBase"]
[SourceQuality "1"]
[TimeControl "40/5400+30:1800+30"]

1. e4 c5 2. Nf3 d6 3. d4 cxd4 4. Nxd4 Nf6 5. Nc3 a6 6. Be3 e6 7. f3 Qc7 8. g4 Nc6 9. Qd2 Be7 10. O-O-O O-O 11. g5 Nd7 12. h4 Nde5 13. f4 Nxd4 14. Qxd4 Nc6 $16 {[%emt 0:04:30] LiveBook: 5 Games} 15. Qd2 b5 16. h5 Qa5 17. Kb1 b4 18. Ne2 Bb7 19. Nc1 d5 20. exd5 Rfd8 21. dxc6 Bxc6 22. Bd3 Bxh1 23. Rxh1 Qd5 24. Rh2 Bc5 25. g6 fxg6 26. hxg6 h6 27. Bxc5 Qxc5 28. Qe2 Qd6 29. Bc4 Qxf4 30. Bxe6+ Kh8 31. Nd3 Qf6 32. Bf7 Ra7 33. Qf2 Qxf2 34. Rxf2 Re7 35. b3 Re4 36. Kb2 a5 37. Bc4 Rb8 38. Nc5 Rg4 39. Nd7 Rc8 40. Ne5 Rg5 1-0

[Event "WYCC 2018 G18"]
[Site "Halkidiki"]
[Date "2018.10.20"]
[Round "1"]
[White "Egyed, Judit"]
[Black "Simic, Anja"]
[Result "1-0"]
[ECO "B90"]
[WhiteElo "2089"]
[BlackElo "1813"]
[Annotator "NA"]
[PlyCount "73"]
[EventDate "2018.10.20"]
[EventType "swiss"]
[EventCountry "GRE"]
[SourceTitle "playchess.com"]
[Source "ChessBase"]
[SourceQuality "1"]
[TimeControl "40/5400+30:1800+30"]

1. e4 c5 2. Nf3 d6 3. d4 cxd4 4. Nxd4 Nf6 5. Nc3 a6 6. Be3 e5 7. Nb3 Be6 8. f3 Be7 9. Qd2 O-O 10. O-O-O Nbd7 11. g4 b5 12. g5 b4 13. Ne2 Ne8 14. f4 a5 15. f5 a4 16. fxe6 axb3 17. exf7+ Rxf7 18. Kb1 bxc2+ 19. Qxc2 Bxg5 20. Bxg5 Qxg5 21. Ng3 Rf4 22. Nf5 Kh8 23. h4 Qf6 24. Bb5 Qf7 25. Bc4 Qf8 26. Bd5 Rb8 27. Rhf1 Rxf1 28. Rxf1 Nef6 29. Ne3 Nc5 30. Qg2 Qe7 31. Nf5 Qf8 32. h5 Nxh5 33. Rh1 g6 34. Qg5 gxf5 35. Qxh5 h6 36. Qg6 Qg7 37. Rxh6+ 1-0

[Event "WYCC 2018 G18"]
[Site "Halkidiki"]
[Date "2018.10.20"]
[Round "1"]
[White "Limanovska, Elizabete"]
[Black "Tonso, Liina"]
[Result "1-0"]
[ECO "B41"]
[WhiteElo "2072"]
[BlackElo "1805"]
[Annotator "NA"]
[PlyCount "47"]
[EventDate "2018.10.20"]
[EventType "swiss"]
[EventCountry "GRE"]
[SourceTitle "playchess.com"]
[Source "ChessBase"]
[SourceQuality "1"]
[TimeControl "40/5400+30:1800+30"]

1. e4 c5 2. Nf3 e6 3. d4 cxd4 4. Nxd4 a6 5. c4 Qc7 6. Nc3 Nf6 7. Bd3 b6 8. O-O Be7 9. Be3 Bb7 10. f4 d6 11. Qe2 O-O 12. f5 e5 $14 13. Nb3 Nbd7 14. g4 Nc5 15. Nxc5 dxc5 16. g5 Nd7 17. Nd5 Bxd5 18. exd5 f6 19. Be4 Rab8 20. g6 h6 21. d6 Bxd6 22. Bd5+ Rf7 23. Bxf7+ Kf8 24. Be6 1-0

[Event "WYCC 2018 G18"]
[Site "Halkidiki"]
[Date "2018.10.20"]
[Round "1"]
[White "Redondo Benavente, Ana"]
[Black "Martos Amiguet, Valentina"]
[Result "1-0"]
[ECO "B22"]
[WhiteElo "2055"]
[BlackElo "1775"]
[Annotator "NA"]
[PlyCount "64"]
[EventDate "2018.10.20"]
[EventType "swiss"]
[EventCountry "GRE"]
[SourceTitle "playchess.com"]
[Source "ChessBase"]
[SourceQuality "1"]
[TimeControl "40/5400+30:1800+30"]

1. e4 c5 2. c3 d5 3. exd5 Qxd5 4. d4 e6 5. Nf3 Nf6 6. Be3 cxd4 7. cxd4 Nc6 8. Nc3 Qd6 9. Bd3 Be7 10. O-O O-O 11. Qd2 Nb4 12. Bf4 $11 Qd8 13. Be2 Nbd5 14. Bg3 b6 15. Ne5 Bb7 16. Bf3 Rc8 17. Rac1 Bb4 18. Qd3 Bd6 19. Rfd1 Qe7 20. Bh4 Rfd8 21. Nxd5 Bxd5 22. Bxd5 Rxc1 23. Rxc1 exd5 24. Ng4 Re8 25. Bxf6 gxf6 26. g3 Qe6 27. Qf3 Kg7 28. Ne3 Bf8 29. Nxd5 Qe4 30. Qxf6+ Kg8 31. Qg5+ Kh8 32. Nf6 Qe7 1-0

[Event "WYCC 2018 G18"]
[Site "Halkidiki"]
[Date "2018.10.20"]
[Round "1"]
[White "Cvitan, Ena"]
[Black "Abeysinghe, H M H Janandani"]
[Result "1-0"]
[ECO "A48"]
[WhiteElo "2034"]
[BlackElo "1698"]
[Annotator "NA"]
[PlyCount "79"]
[EventDate "2018.10.20"]
[EventType "swiss"]
[EventCountry "GRE"]
[SourceTitle "playchess.com"]
[Source "ChessBase"]
[SourceQuality "1"]
[TimeControl "40/5400+30:1800+30"]

1. d4 Nf6 2. Nf3 g6 3. c4 Bg7 4. Nc3 d6 5. e4 O-O 6. h3 Na6 7. Be3 c6 8. Be2 e5 9. d5 cxd5 10. cxd5 Nc5 11. Nd2 Ne8 12. g4 a6 13. h4 b5 14. b4 Nd7 15. g5 f5 16. f3 f4 17. Bf2 Rf7 18. Nb3 h5 19. Na5 Nf8 20. O-O Nh7 21. Kh1 Qd7 22. Re1 Bf8 23. Bf1 Be7 24. a4 bxa4 25. Nxa4 Bd8 26. Rc1 Bb7 27. Nc6 Rc8 28. Kh2 Bxc6 29. dxc6 Rxc6 30. Bc4 Rxc4 31. Rxc4 Nf8 32. Nc3 Ne6 33. Nd5 Kg7 34. Qc2 N6c7 35. Nb6 Qe6 36. Rc6 Kf8 37. Rd1 Kg7 38. Nc4 Be7 39. Bb6 Qd7 40. Nxe5 1-0

[Event "WYCC 2018 G18"]
[Site "Halkidiki"]
[Date "2018.10.20"]
[Round "1"]
[White "Hng, Mei-En Emmanuelle"]
[Black "Ni Mhuireagain, Eibhia"]
[Result "1-0"]
[ECO "B01"]
[WhiteElo "2020"]
[BlackElo "1655"]
[Annotator "NA"]
[PlyCount "33"]
[EventDate "2018.10.20"]
[EventType "swiss"]
[EventCountry "GRE"]
[SourceTitle "playchess.com"]
[Source "ChessBase"]
[SourceQuality "1"]
[TimeControl "40/5400+30:1800+30"]

1. e4 d5 2. exd5 Qxd5 3. Nc3 Qd6 4. d4 Nf6 5. Bc4 a6 6. Nf3 b5 7. Bb3 Bb7 8. O-O e6 9. Re1 Be7 10. Ng5 Nd5 11. Nce4 Qd7 12. Qh5 Bxg5 13. Qxg5 f6 14. Qh5+ Qf7 15. Nxf6+ Nxf6 16. Rxe6+ Kf8 17. Rxf6 1-0

[Event "WYCC 2018 G18"]
[Site "Halkidiki"]
[Date "2018.10.20"]
[Round "1"]
[White "Bauyrzhan, Arnash"]
[Black "Manriquez Abarzua, Maria Belen"]
[Result "1-0"]
[ECO "C50"]
[WhiteElo "2011"]
[BlackElo "1630"]
[Annotator "NA"]
[PlyCount "57"]
[EventDate "2018.10.20"]
[EventType "swiss"]
[EventCountry "GRE"]
[SourceTitle "playchess.com"]
[Source "ChessBase"]
[SourceQuality "1"]
[TimeControl "40/5400+30:1800+30"]

1. e4 e5 2. Nf3 Nc6 3. Bc4 Bc5 4. O-O Nf6 5. d3 h6 6. c3 O-O 7. Nbd2 d6 8. a4 a5 9. h3 Ne7 10. d4 exd4 11. cxd4 Bb4 12. e5 Nfd5 13. Ne4 Nb6 14. Bd3 d5 15. Ng3 Be6 16. Bc2 f5 17. exf6 Rxf6 18. Nh4 Bf7 19. Qd3 Ng6 20. Nh5 Rc6 21. Nf5 Bf8 22. b3 Nd7 23. Ba3 Qg5 24. f4 Qd8 25. Bxf8 Ndxf8 26. Nhxg7 Ne6 27. Nxe6 Rxe6 28. Nxh6+ Kg7 29. Nxf7 1-0

[Event "WYCC 2018 G18"]
[Site "Halkidiki"]
[Date "2018.10.20"]
[Round "1"]
[White "Li, Yilin"]
[Black "Salas Estrada, Ana Valeria"]
[Result "0-1"]
[ECO "B32"]
[WhiteElo "1993"]
[BlackElo "1593"]
[Annotator "NA"]
[PlyCount "98"]
[EventDate "2018.10.20"]
[EventType "swiss"]
[EventCountry "GRE"]
[SourceTitle "playchess.com"]
[Source "ChessBase"]
[SourceQuality "1"]
[TimeControl "40/5400+30:1800+30"]

1. e4 c5 2. Nf3 Nc6 3. d4 cxd4 4. Nxd4 g6 5. Be3 Bg7 6. Nc3 Nf6 7. Be2 O-O 8. Nb3 a6 9. a4 d6 10. O-O Bd7 11. a5 Qc8 12. Na4 Rb8 13. f3 Be6 14. Nb6 Qd8 15. Kh1 Nd7 16. Nd4 Nxd4 17. Nxd7 Nxc2 18. Qxc2 Qxd7 19. Ra3 Rbc8 20. Qd2 Qc6 21. Bd3 Rfd8 22. Bb6 Rd7 23. Qe2 d5 24. e5 d4 25. b4 Qd5 26. f4 Bf5 27. b5 Bxd3 28. Qxd3 axb5 29. Rd1 Qc4 30. Qxc4 Rxc4 31. Rad3 Bh6 32. g3 g5 33. f5 Bg7 34. Bxd4 b4 35. f6 Bf8 36. Be3 Rxd3 37. Rxd3 Rc3 38. Rxc3 bxc3 39. fxe7 Bxe7 40. Bc1 Bb4 41. Kg2 h6 42. Kf3 Bxa5 43. h4 gxh4 44. Bxh6 h3 45. g4 b5 46. Bf4 c2 47. Kg3 b4 48. Kxh3 b3 49. Bc1 Bc3 0-1

[Event "WYCC 2018 G18"]
[Site "Halkidiki"]
[Date "2018.10.20"]
[Round "1"]
[White "Golsta, Madara"]
[Black "Sargsyan, Anna M."]
[Result "0-1"]
[ECO "B18"]
[WhiteElo "1938"]
[BlackElo "2331"]
[Annotator "NA"]
[PlyCount "66"]
[EventDate "2018.10.20"]
[EventType "swiss"]
[EventCountry "GRE"]
[SourceTitle "playchess.com"]
[Source "ChessBase"]
[SourceQuality "1"]
[TimeControl "40/5400+30:1800+30"]

1. e4 c6 2. d4 d5 3. Nc3 dxe4 4. Nxe4 Bf5 5. Ng3 Bg6 6. h4 h6 7. f4 Nf6 8. Nf3 e6 {[%emt 0:02:54] LiveBook: 19 Partien} 9. h5 {[%emt 0:00:47] B18: Classical Caro-Kann: 4...Bf5 sidelines} (9. Ne5 Bh7 10. Bc4 Nbd7 11. Qe2 Nd5 12. c3 Be7 13. Nh5 O-O 14. Bd2 c5 15. Bxd5 Nxe5 16. Qxe5 Bf6 17. Nxf6+ gxf6 {1-0 (28) Mamedyarov,S (2719)-Grischuk,A (2736) Moscow 2009}) 9... Bh7 10. Bd3 Bxd3 11. Qxd3 c5 12. Be3 Nc6 13. O-O-O Qa5 14. Qb3 O-O-O $146 ({Predecessor:} 14... Qb4 15. dxc5 Nd5 16. Bf2 Bxc5 17. Bxc5 Qxc5 {1-0 (44) Ali Marandi,C (2315)-Xaxiris,E (2062) Neos Marmaras 2012}) 15. Ne5 Nxe5 16. fxe5 Nd5 17. Bd2 Qc7 18. Rh4 Nb6 19. Ba5 Be7 20. Rg4 (20. Re4 $11) 20... Rxd4 21. Rdxd4 cxd4 22. Rxd4 Qxe5 $17 23. Qc3+ Qc5 24. Qxc5+ Bxc5 25. Rg4 Rd8 26. Nf1 Bd4 27. c3 Bf6 28. Bxb6 axb6 29. Kc2 Rd5 30. Ng3 b5 31. Kb3 Kd7 32. Rf4 Ke7 33. c4 Rd3+ 0-1

[Event "WYCC 2018 G18"]
[Site "Halkidiki"]
[Date "2018.10.20"]
[Round "1"]
[White "Belluire, Beatrice"]
[Black "Di Benedetto, Desiree"]
[Result "0-1"]
[ECO "C11"]
[WhiteElo "1931"]
[BlackElo "2321"]
[Annotator "NA"]
[PlyCount "88"]
[EventDate "2018.10.20"]
[EventType "swiss"]
[EventCountry "GRE"]
[SourceTitle "playchess.com"]
[Source "ChessBase"]
[SourceQuality "1"]
[TimeControl "40/5400+30:1800+30"]

1. e4 e6 2. d4 d5 3. Nc3 Nf6 4. e5 Nfd7 5. f4 c5 6. Nf3 Nc6 7. Be3 Be7 8. Qd2 O-O 9. dxc5 Nxc5 10. O-O-O a6 11. Bxc5 Bxc5 12. Bd3 h6 13. g4 f6 14. Rhf1 fxe5 15. Nxe5 Nxe5 16. fxe5 Bd7 17. Kb1 $17 (17. Ne2 $15) 17... Qg5 18. Qxg5 hxg5 19. Ne2 b5 20. Ng1 Bxg1 21. Rxg1 Rf4 22. Rdf1 Raf8 23. Kc1 Bc6 24. h3 Rf3 25. Rxf3 Rxf3 26. Rf1 Re3 27. Bg6 Rxe5 28. Bf7+ Kh7 29. Kd2 Re4 30. h4 gxh4 31. g5 e5 32. Be6 Rf4 33. Re1 e4 34. Ke3 Rf3+ 35. Kd4 Kg6 36. Bxd5 Bxd5 37. Kxd5 Kxg5 38. Kxe4 Rg3 39. Rd1 h3 40. Rd7 h2 41. Rxg7+ Kh6 42. Rxg3 h1=Q+ 43. Kf4 Qc1+ 44. Kg4 Qxb2 0-1

[Event "WYCC 2018 G18"]
[Site "Halkidiki"]
[Date "2018.10.20"]
[Round "1"]
[White "Zairbek kyzy, Begimay"]
[Black "Avramidou, Anastasia"]
[Result "0-1"]
[ECO "B06"]
[WhiteElo "1919"]
[BlackElo "2285"]
[Annotator "NA"]
[PlyCount "86"]
[EventDate "2018.10.20"]
[EventType "swiss"]
[EventCountry "GRE"]
[SourceTitle "playchess.com"]
[Source "ChessBase"]
[SourceQuality "1"]
[TimeControl "40/5400+30:1800+30"]

1. e4 g6 2. d4 Bg7 3. Nc3 c6 4. f4 d5 5. e5 Nh6 6. Nf3 f6 7. Be3 {[%emt 0:01:06] B15: Caro-Kann: 3 Nc3: 3...g6 and 3...dxe4 4 Nxe4 Nf6 5 Nxf6+ exf6} Qb6 (7... O-O 8. h3 Qb6 9. Qd2 Qxb2 10. Rb1 Qa3 11. g4 Nf7 12. Bd3 fxe5 13. dxe5 Na6 14. Rb3 Qa5 {1-0 (31) Robson,R (2668)-Shabalov,A (2556) Saint Louis 2017 CBM 178 [Yermolinsky,A]}) 8. Na4 Qa5+ 9. c3 O-O 10. Nc5 $146 ({Predecessor:} 10. Bd3 Qc7 11. O-O Be6 12. Nc5 Bc8 13. h3 b6 14. Nb3 fxe5 15. fxe5 {1-0 (34) Bjerre,J (2423)-Pleasants,A (2090) Batumi 2018}) 10... Qc7 11. h3 b6 12. Nd3 Bf5 13. Qd2 Be4 14. Be2 a5 15. O-O Na6 16. g4 Nf7 17. Nf2 Bxf3 18. Bxf3 fxe5 19. dxe5 $17 Nxe5 20. Bxd5+ cxd5 21. fxe5 e6 22. Rae1 Qxe5 23. Nd3 Qg3+ 24. Qg2 Rxf1+ 25. Kxf1 Qd6 26. Kg1 Nc5 27. Nf4 Rf8 28. Rf1 d4 29. Qd2 Ne4 30. Qd3 Ng3 31. Re1 Be5 32. Nxg6 dxe3 33. Qxd6 Bxd6 34. Nxf8 Kxf8 35. Kg2 Bf4 36. Kf3 e5 37. Rxe3 Bxe3 38. Kxe3 Ke7 39. a4 Ke6 40. b4 Kd5 41. h4 Kc4 42. bxa5 bxa5 43. Kf3 Kd3 0-1

[Event "WYCC 2018 G18"]
[Site "Halkidiki"]
[Date "2018.10.20"]
[Round "1"]
[White "Gillis Onieva, Celia"]
[Black "Injac, Teodora"]
[Result "0-1"]
[ECO "E91"]
[WhiteElo "1892"]
[BlackElo "2258"]
[Annotator "NA"]
[PlyCount "66"]
[EventDate "2018.10.20"]
[EventType "swiss"]
[EventCountry "GRE"]
[SourceTitle "playchess.com"]
[Source "ChessBase"]
[SourceQuality "1"]
[TimeControl "40/5400+30:1800+30"]

1. d4 Nf6 2. Nf3 g6 3. c4 Bg7 4. Nc3 O-O 5. e4 d6 6. Be2 Na6 7. O-O e5 8. dxe5 dxe5 9. Be3 Ng4 10. Bg5 $14 {[%emt 0:09:42] LiveBook: 16 Games} f6 11. Bd2 Nh6 12. Qc1 Nf7 13. Rd1 c6 14. Be3 Qe7 15. c5 f5 16. exf5 gxf5 17. Bxa6 bxa6 18. Qc2 f4 19. Bd2 Qxc5 20. Rac1 Be6 21. Qa4 Rab8 22. b3 Bf5 23. Qxa6 Rfd8 24. Qe2 Bd3 25. Qe1 Qa3 26. g3 Bg6 27. g4 Qb2 28. Ne4 Qxa2 29. Rxc6 Qxb3 30. Rc3 Qd5 31. Neg5 e4 32. Nxf7 Bxf7 33. Bxf4 Qxd1 0-1